 Dungeon Crawl Stone Soup version 0.30.0-19-g36f170ea60 (webtiles) character file.

Game seed: 3230148272494936048

4 Groucho the Magician (level 1, 0/18 HPs)
             Began as a Djinni Warper on May 26, 2023.
             Slain by an endoplasm (2 damage)
             ... on level 1 of the Dungeon.
             The game lasted 00:01:14 (248 turns).

Groucho the Magician (Djinni Warper)                 Turns: 248, Time: 00:01:15

Health: 0/18       AC:  3    Str: 10    XL:     1   Next: 77%
Gold:   0          EV: 11    Int: 14    God:
                   SH:  0    Dex: 12

rFire   + + +        a - +0 hand axe
rCold   . . .        (no shield)
rNeg    . . .        b - +0 leather armour
rPois   ∞            (no helmet)
rElec   +            (no cloak)
rCorr   +            (no gloves)
SInv    .            (boots unavailable)
Will    .....        (no amulet)
Stlth   +            (no ring)
HPRegen 0.23/turn    (no ring)
MPRegen 0.00/turn

%: infuse magic (-1 HP)
@: resistant, attractive, flying
A: sickness immunity, fire resistance 2, cold vulnerability 1, float, innate
caster, HP casting, extra vitality 1
a: no special abilities


You were on level 1 of the Dungeon.
You visited 1 branch of the dungeon, and saw 1 of its levels.

Inventory:

Hand Weapons
 a - a +0 hand axe (weapon)
Missiles
 d - 7 boomerangs of dispersal (quivered)
Armour
 b - a +0 leather armour (worn)
Scrolls
 c - a scroll of blinking
 f - a scroll of identify {unknown}
 g - a scroll of fog {unknown}
 i - a scroll of poison {unknown}


   Skills:
 + Level 2.1 Fighting
 + Level 1.6 Axes
 - Level 0.7 Throwing
 + Level 1.1 Armour
 + Level 2.3 Dodging
 + Level 2.4 Spellcasting


You knew the following spells:

 Your Spells              Type           Power      Damage    Failure   Level
a - Blink                 Tloc           16%        N/A       17%         2
b - Lesser Beckoning      Tloc           16%        N/A       17%         2
c - Vhi's Electric Charg  Tloc/Air       16%        N/A       32%         3
d - Teleport Other        Tloc           8%         N/A       32%         3
e - Manifold Assault      Tloc           8%         N/A       73%         4
Your spell library was empty.

Dungeon Overview and Level Annotations

Branches:
Dungeon (1/15)

Altars:


Innate Abilities, Weirdness & Mutations

You are immune to sickness and miasma.
You are immune to poison.
Your flesh is very heat resistant. (rF++)
You are vulnerable to cold. (rC-)
You float through the air rather than walking.
You learn spells naturally, not from books.
Your magical power is your life essence.
You have superior vitality. (+4 MHP)


Message History

i - a scroll labelled MUEDOWK TIWNUG
Found a dagger.
A bat comes into view.
The bat hits you but does no damage. x2
You see here a +0 dagger.
You barely miss the bat. The bat hits you but does no damage.
The bat barely misses you. The bat hits you.
You miss the bat. The bat hits you but does no damage. x2
You hit the bat.
You kill the bat!
No target in view!
No target in view!
A quokka comes into view.
An endoplasm comes into view.
The endoplasm quivers.
You closely miss the quokka. The quokka bites you.
You hit the quokka.
You kill the quokka!
You barely miss the endoplasm. The endoplasm freezes you.
You are frozen.
You feel a terrible chill!
You barely miss the endoplasm. The endoplasm freezes you.
You are frozen.
You feel a terrible chill!
You are too injured to fight recklessly!
You are too injured to fight recklessly!
You hit the endoplasm.
The endoplasm is moderately wounded.
The endoplasm freezes you.
You are frozen!
You feel a terrible chill!
* * * LOW HITPOINT WARNING * * *
Unknown command.
It was a potion of attraction.
You feel attractive to monsters.
The endoplasm hits you but does no damage.
Unknown command.
It was a potion of resistance.
You feel protected. The endoplasm hits you.
You die...

##.>.## #####
### .# ..# ...
###.### ....
#.#...# .....
#..#.#
.#....####.#.#
......†@.....#
######.J#....#
.....####.#
####.## #.# #.
#.###########
#.
#............
#.
######.......
#. #.######
#.#


You could see an endoplasm.

Vanquished Creatures
  2 goblins (D:1)
  A quokka (D:1)
  A bat (D:1)
4 creatures vanquished.

Notes
Turn   | Place    | Note
-------+----------+-------------------------------------------
     0 | D:1      | Groucho the Djinni Warper began the quest for the Orb.
     0 | D:1      | Groucho set off with the following spells memorised: Blink,
                  | Lesser Beckoning, Vhi's Electric Charge, Teleport Other,
                  | Manifold Assault.
     0 | D:1      | Reached XP level 1. HP: 18/18 MP: 0/0
   248 | D:1      | Slain by an endoplasm

Illustrated notes

Levels and vault maps discovered:
D:1:      dpeg_arrival_lava_temple_mockup, layout_loops_ring,
          minmay_misc_feat_tiny

Action                     || total
---------------------------++-------
  Melee: Hand axe          ||    18
    Use: Potion            ||     2
 Armour: Leather armour    ||     7
  Dodge: Dodged            ||     7
